 Dungeon Crawl Stone Soup version 0.18.1-48-g4cf74bf (webtiles) character file.

115 Gottschkopf the Insei (level 4, 0/35 HPs)
             Began as a Draconian Transmuter on Sept 7, 2016.
             Slain by Grinder (5 damage)
             ... on level 3 of the Dungeon.
             The game lasted 00:04:36 (2279 turns).

Gottschkopf the Insei (Draconian Transmuter)        Turns: 2279, Time: 00:04:36

Health: 0/35       AC:  5    Str: 12    XL:     4   Next: 68%
Magic:  6/7        EV: 12    Int: 14    God:
Gold:   153        SH:  0    Dex: 12    Spells: 3 memorised, 1 level left

rFire  . . .     SeeInvis .       - Unarmed
rCold  . . .     Gourm    .     (armour unavailable)
rNeg   . . .     Faith    .     (no shield)
rPois  .         Spirit   .     (helmet restricted)
rElec  .         Dismiss  .     (no cloak)
rCorr  .         Reflect  .     (no gloves)
SustAt .         Harm     .     (no boots)
MR     .....                    (no amulet)
Stlth  +.........               (no ring)
                                (no ring)

@: not resistant to hostile enchantments, very unstealthy
A: unfitting armour, cold-blooded, AC +5
a: no special abilities


You were on level 3 of the Dungeon.
You were not hungry.

You visited 1 branch of the dungeon, and saw 3 of its levels.

You collected 153 gold pieces.

Inventory:

Missiles
 a - 12 arrows
Scrolls
 d - a scroll of fog {unknown}
 e - 2 scrolls of remove curse {unknown}
 h - a scroll of blinking {unknown}
 j - a scroll of recharging {unknown}
 k - 2 scrolls of noise {unknown}
 p - a scroll of immolation {unknown}
 q - a scroll of fear {unknown}
 s - a scroll of identify {unknown}
Potions
 i - a potion of might {unknown}
 l - 2 potions of invisibility {unknown}
 m - a potion of flight {unknown}
 n - a potion of degeneration {unknown}
 o - a potion of brilliance {unknown}
 t - a potion of cancellation {unknown}
 u - a potion of curing
Books
 b - a book of Changes

   Spells                             Type                      Level
   a - Beastly Appendage              Transmutation                1
   b - Sticks to Snakes               Transmutation                2
   c - Spider Form                    Transmutation/Poison         3
   d - Ice Form                       Ice/Transmutation            4
   e - Blade Hands                    Transmutation                5
Comestibles
 c - a bread ration
 f - a meat ration
 g - a slice of pizza
 r - 6 chunks of flesh


   Skills:
 - Level 1.1 Fighting
 - Level 1.7 Dodging
 - Level 4.7 Unarmed Combat
 - Level 2.0 Spellcasting
 + Level 2.4 Transmutations
 - Level 2.0 Poison Magic


You had one spell level left.
You knew the following spells:

 Your Spells              Type           Power        Failure   Level  Hunger
a - Beastly Appendage     Trmt           #.....       12%         1    ##.....
b - Sticks to Snakes      Trmt           #.......     17%         2    ###....
c - Spider Form           Trmt/Pois      #.........   30%         3    ####...


Dungeon Overview and Level Annotations

Branches:
Dungeon (3/15)

Altars:

Annotations:
D:3 Grinder


Innate Abilities, Weirdness & Mutations

Your plain brown scales are hard (AC +5).
Your body does not fit into most forms of armour.
You are cold-blooded and may be slowed by cold attacks.


Message History

Grinder blinks!
You can move again.
Grinder closely misses you.
You hit Grinder.
Grinder is poisoned.
Grinder is severely wounded.
Grinder blinks!
Grinder gestures at you.
You suddenly lose the ability to move!
Grinder hits you!
You writhe in agony.
Your transformation has ended.
Grinder hits you.
* * * LOW HITPOINT WARNING * * *
You writhe in agony.
* * * LOW HITPOINT WARNING * * *
You can move again.
You barely miss Grinder.
Grinder is severely wounded.
Grinder says, "What is the universe for?"
Grinder hits you.
You die...

#.# #.# #.# #.# #.#
##.# #.# ##..# #.# #
##...## ##.##
##.#.....######.#.##
#..............###.#
.#.5@..######.#.##
##...## ##.## ##.##
#.# #.# #.# #.# #.#
.#.########.# #
#.........#
########.# #.#


You could see Grinder.

Vanquished Creatures
  Robin (D:2)
  2 adders (D:2)
  An ooze (D:1)
  2 worms (D:2)
  3 dart slugs
  3 giant geckos
  2 ball pythons (D:2)
  A giant cockroach (D:2)
  14 goblins
  12 hobgoblins
  4 jackals (D:1)
  7 kobolds
  2 quokkas (D:2)
  4 bats
  3 rats (D:1)
61 creatures vanquished.

Notes
Turn   | Place    | Note
--------------------------------------------------------------
     0 | D:1      | Gottschkopf the Draconian Transmuter began the quest for the Orb.
     0 | D:1      | Reached XP level 1. HP: 16/16 MP: 3/3
    80 | D:1      | Reached XP level 2. HP: 20/23 MP: 5/5
   613 | D:1      | Reached skill level 4 in Unarmed Combat
   683 | D:1      | Reached XP level 3. HP: 10/28 MP: 4/6
  1221 | D:2      | Learned a level 2 spell: Sticks to Snakes
  1225 | D:2      | Learned a level 3 spell: Spider Form
  1501 | D:2      | Reached skill level 1 in Poison Magic
  1501 | D:2      | Reached XP level 4. HP: 35/35 MP: 4/7
  1530 | D:2      | Noticed Robin
  1542 | D:2      | Killed Robin
  2256 | D:3      | Noticed Grinder
  2265 | D:3      | Paralysed by Grinder for 6 turns
  2275 | D:3      | Paralysed by Grinder for 4 turns
  2279 | D:3      | Slain by Grinder

Skill      XL: |  1  2  3  4 |
---------------+-------------+-----
Unarmed Combat | 4 |  4.7
Poison Magic   | 1 2 |  2.0
Fighting       | |  1.1
Dodging        | |  1.7
Spellcasting   | |  2.0
Transmutations | |  2.4

Action                   |  1- 3 |  4- 6 || total
-------------------------+-------+-------++-------
Melee: Unarmed           |   158 |    70 ||   228
       Tailslap          |    10 |     5 ||    15
       Kick              |     2 |     9 ||    11
       Headbutt          |    14 |     2 ||    16
       Punch             |     3 |       ||     3
 Cast: Beastly Appendage |    24 |    10 ||    34
       Spider Form       |       |     2 ||     2
  Eat: Chunk             |     3 |     3 ||     6
Armor: Skin              |    50 |    18 ||    68
Dodge: Dodged            |   120 |    55 ||   175
